 Dungeon Crawl Stone Soup version 0.20-a0-1116-gaa52201 (webtiles) character file.

161 Kurtz the Slasher (level 5, 0/41 HPs)
             Began as a Mummy Abyssal Knight on May 9, 2017.
             Was a Priest of Lugonu.
             Slain by a gnoll shaman
             ... wielding a +0 whip
              (5 damage)
             ... on level 3 of the Dungeon.
             The game lasted 00:03:59 (3055 turns).

Kurtz the Slasher (Mummy Abyssal Knight)            Turns: 3055, Time: 00:04:00

Health: 0/41       AC:  7    Str: 15    XL:     5   Next: 18%
Magic:  5/6        EV:  9    Int: 12    God:    Lugonu [***...]
Gold:   79         SH:  0    Dex: 12    Spells: 4/4 levels left

rFire    . . .     SeeInvis .   a - +1 falchion
rCold    + . .     Gourm    .   (no shield)
rNeg     + + +     Faith    .   h - +0 scale mail
rPois    ∞         Spirit   .   d - +0 helmet
rElec    .         Reflect  .   (no cloak)
rCorr    .         Harm     .   (no gloves)
MR       .....                  (no boots)
Stlth    ..........             (no amulet)
Regen    0.2/turn               j - ring of flight (curse)
MPRegen  0.1/turn               l - ring of protection from fire

@: glowing
A: no food or potions, fire vulnerability, cold resistance 1, negative energy
resistance 3, torment resistance, unbreathing
a: Depart the Abyss, Bend Space, Banish, Renounce Religion, Evoke Flight


You were on level 3 of the Dungeon.
You worshipped Lugonu.
Lugonu was most pleased with you.
You were not hungry.

You visited 1 branch of the dungeon, and saw 4 of its levels.
You visited the Abyss 1 time.

You collected 79 gold pieces.

Inventory:

Hand Weapons
 a - a +1 falchion (weapon)
 p - a +2 trident of protection
Missiles
 f - 73 stones (quivered)
 i - 3 tomahawks
Armour
 b - a +0 leather armour
 d - a +0 helmet (worn)
 h - a +0 scale mail (worn)
Jewellery
 j - a cursed ring of flight (left hand)
 l - a ring of protection from fire (right hand)
Scrolls
 c - a scroll of amnesia {unknown}
 e - a scroll of immolation {unknown}
 g - a scroll of remove curse {unknown}
 k - a scroll of teleportation {unknown}
 m - a scroll of identify {unknown}
 n - a scroll of fear {unknown}
 o - a scroll of recharging {unknown}


   Skills:
 - Level 3.0 Fighting
 * Level 4.5 Long Blades
 - Level 1.5 Armour
 - Level 0.7 Dodging
 - Level 1.5 Invocations


You had 4 spell levels left.
You didn't know any spells.

Dungeon Overview and Level Annotations

Branches:
Dungeon (4/15)             Temple (0/1) D:4

Altars:


Innate Abilities, Weirdness & Mutations

You do not eat or drink.
Your flesh is vulnerable to fire.
You are immune to poison.
Your flesh is cold resistant. (rC+)
You are immune to negative energy. (rN+++)
You are immune to unholy pain and torment.
You can survive without breathing.


Message History

Unknown command.
Press: ? - help, Shift-Dir - straight line, f/p - gnoll shaman
Aim: a gnoll shaman, wielding a whip and wearing a leather armour (moderately wounded, chance to defeat MR: 80%)
You fail to use your ability.
Press: ? - help, Shift-Dir - straight line, f/p - gnoll shaman
Aim: a gnoll shaman, wielding a whip and wearing a leather armour (moderately wounded, chance to defeat MR: 80%)
You fail to use your ability.
The gnoll shaman hits you with a whip.
* * * LOW HITPOINT WARNING * * *
Unknown command.
Press: ? - help, Shift-Dir - straight line, f/p - gnoll shaman
Aim: a gnoll shaman, wielding a whip and wearing a leather armour (moderately wounded, chance to defeat MR: 80%)
You fail to use your ability.
The gnoll shaman hits you with a whip.
* * * LOW HITPOINT WARNING * * *
Press: ? - help, Shift-Dir - straight line, f/p - gnoll shaman
Aim: a gnoll shaman, wielding a whip and wearing a leather armour (moderately wounded, chance to defeat MR: 80%)
You fail to use your ability.
The gnoll shaman barely misses you.
Press: ? - help, Shift-Dir - straight line, f/p - gnoll shaman
Aim: a gnoll shaman, wielding a whip and wearing a leather armour (moderately wounded, chance to defeat MR: 80%)
You fail to use your ability.
The gnoll shaman hits you with a whip.
You die...

...#.##........# #######'#'#
##.#.##........# #..........
.....##<.......# #..........
##.####........# #.......... ...#
#........# ######..........
##.####........###......#####'#..
........................#####.###
##>(...........g........+.....#..
...###'#######..@.......#####.##.
...##........#..........#...#....
...##........#..........#...##.##
....'........#..........#...##.##
..###........#####......#.......#
..# ########## #......#......!#
..# ####..)#.......# ..#
#.........÷.# ..# #........##.#


You could see a gnoll shaman.

Vanquished Creatures
  An orc wizard (D:3)
  3 gnolls (D:4)
  3 adders (D:3)
  A worm (D:3)
  A leopard gecko (D:3)
  7 orcs
  6 giant cockroaches
  3 goblins
  7 hobgoblins
  8 jackals
  6 kobolds
  A quokka (D:2)
  A ball python (D:1)
  7 bats
  5 frilled lizards
  4 rats
64 creatures vanquished.

Notes
Turn   | Place    | Note
-------+----------+-------------------------------------------
     0 | Abyss:1  | Kurtz the Mummy Abyssal Knight began the quest for the Orb.
     0 | Abyss:1  | Reached XP level 1. HP: 18/18 MP: 2/2
    12 | D:1      | Escaped the Abyss
   123 | D:1      | Reached skill level 2 in Long Blades
   267 | D:1      | Reached XP level 2. HP: 14/24 MP: 3/3
   688 | D:1      | Reached ** piety under Lugonu
   960 | D:1      | You fall through a shaft!
   968 | D:2      | Reached XP level 3. HP: 27/29 MP: 4/4
  1087 | D:3      | Reached skill level 3 in Long Blades
  1679 | D:3      | Reached XP level 4. HP: 32/35 MP: 5/5
  1704 | D:3      | Found a faded altar of an unknown god.
  1831 | D:3      | Reached *** piety under Lugonu
  2225 | D:4      | Reached skill level 4 in Long Blades
  2828 | D:4      | Found a staircase to the Ecumenical Temple.
  2933 | D:4      | Reached XP level 5. HP: 37/41 MP: 6/6
  3016 | D:3      | HP: 2/41 [gnoll shaman/whip (5)]
  3055 | D:3      | Slain by a gnoll shaman

Vault maps used:
D:1:      minmay_arrival_doors
D:2:      kb_forest_paths, grunt_decor_one_mirror
D:3:      lemuel_upstairs_altar, chequers_ecumenical_altar_island
D:4:      lemuel_castle_with_subvaults, temple_green, first_bread,
          uniq_crazy_yiuf_cottage

Skill      XL: |  1  2  3  4 |
---------------+-------------+-----
Long Blades    | 2 3 4 |  4.5
Fighting       | |  3.0
Armour         | |  1.5
Dodging        | |  0.7
Invocations    | |  1.5

Action                   |  1- 3 |  4- 6 || total
-------------------------+-------+-------++-------
Melee: Falchion          |   137 |    91 ||   228
Invok: Banish            |       |     1 ||     1
Armor: Leather armour    |    50 |       ||    50
       Scale mail        |    10 |    44 ||    54
Dodge: Dodged            |   114 |    38 ||   152
       Rpst.: Falchion   |    33 |    14 ||    47
